 Dungeon Sprint DCSS version 0.18-a0-1347-gb9e2fb4 (webtiles) character file.

2926 Kidiri the Protected (level 9, -1/85 HPs)
             Began as a Minotaur Fighter on Feb 17, 2016.
             Was an Elder of Okawaru.
             Slain by a freezing wraith (3 damage)
             ... while paralysed by a giant eyeball
             ... in the Dungeon (Sprint VII: "The Pits").
             The game lasted 00:05:05 (1271 turns).

Kidiri the Protected (Minotaur Fighter)             Turns: 1271, Time: 00:05:05

Health: -1/85      AC: 21    Str: 26    XL:     9   Next: 50%
Magic:  13/13      EV:  2    Int:  5    God:    Okawaru [****..]
Gold:   0          SH:  0    Dex: 11    Spells: 0 memorised, 8 levels left

rFire  . . .     SeeInvis .     w - +1 broad axe (freeze)
rCold  . . .     Gourm    .     a - +4 chain mail
rNeg   . . .     Faith    .     c - +0 shield
rPois  .         Spirit   .     (helmet restricted)
rElec  .         Dismiss  .     (no cloak)
rCorr  .         Reflect  .     (no gloves)
SustAt .         Harm     .     (no boots)
MR     .....     NoTele   +     (no amulet)
Stlth  ..........               s - +3 ring of protection
                                b - +3 ring of strength

@: paralysed, heroism, not resistant to hostile enchantments, extremely
unstealthy
A: retaliatory headbutt, horns 2
a: Heroism, Renounce Religion


You were in the Dungeon.
You worshipped Okawaru.
Okawaru was greatly pleased with you.
You were hungry.

You visited 1 branch

Inventory:

Hand Weapons
 w - a +1 broad axe of freezing (weapon)
Missiles
 r - 8 javelins of penetration (quivered)
Armour
 a - a +4 chain mail (worn)
 c - a +0 shield (worn)
Jewellery
 b - a +3 ring of strength (left hand)
 s - a +3 ring of protection (right hand)
Scrolls
 k - a scroll of blinking
 o - 3 scrolls of remove curse
 p - 5 scrolls of amnesia
 q - a scroll of summoning
Potions
 d - 2 potions of might
 e - 10 potions of curing
 g - 4 potions of heal wounds
 h - 2 potions of haste
 i - 4 potions of magic
 j - 3 potions of berserk rage
 n - 2 potions of invisibility
 u - 2 potions of cure mutation
 v - a potion of brilliance
Comestibles
 f - 8 bread rations
 l - 40 fruits
 m - 7 meat rations


   Skills:
 + Level 9.7(14.7) Fighting
 * Level 12.5(17.5) Axes
 * Level 12.8(17.8) Armour
 + Level 7.9(12.9) Dodging
 * Level 12.7(17.7) Shields
 + Level 7.2 Invocations


You had 8 spell levels left.
You didn't know any spells.

Dungeon Overview and Level Annotations

Branches:
Dungeon (1/1)

Altars:
Ashenzari
Cheibriados
Dithmenos
Elyvilon
Fedhas
Gozag
Kikubaaqudgha
Makhleb
Nemelex Xobeh
Okawaru
Pakellas
Qazlal
Ru
Sif Muna
Trog
Vehumet
Xom
Yredelemnul
Zin
The Shining One
Beogh
Jiyva
Lugonu


Innate Abilities, Weirdness & Mutations

You reflexively headbutt those who attack you in melee.
You have a pair of horns on your head.


Message History

The freezing wraith closely misses you.
The freezing wraith hits you but does no damage.
The giant eyeball gazes at you.
You suddenly lose the ability to move!
The freezing wraith hits you! The freezing wraith freezes you!!
The freezing wraith hits you but does no damage.
The freezing wraith hits you. The freezing wraith freezes you!
* * * LOW HITPOINT WARNING * * *
The freezing wraith hits you but does no damage.
The yak gores you.
* * * LOW HITPOINT WARNING * * *
The freezing wraith hits you but does no damage.
The freezing wraith hits you.
* * * LOW HITPOINT WARNING * * *
The yak gores you but does no damage. The yak gores you!
* * * LOW HITPOINT WARNING * * *
The yak gores you but does no damage.
The freezing wraith hits you but does no damage.
The freezing wraith hits you.
You die...

.#))#####+#####''######
##))##.......##''#
.#))##.......##..#
.#..##.......##..# #
##+###...<...##..# .##
....##.......##..# ...#
....##.......##..## .....
######.......##.YY##G.....
.#..###########.@Wx'Y.....
.#.############.YY##......
.#[#....#..[[##..## .....
.#+#....#..[[##..# ...#
.#.+....+..))##..# .##
.#+#....#..))##..# #
.+[#....#..))##..#
##################


You could see a freezing wraith, 5 yaks, a small abomination and a giant
eyeball.

Vanquished Creatures
  A swamp dragon (D)
  A lindwurm (D)
  A smoke demon (D)
  A bog body (D)
  5 blink frogs (D)
  A wyvern (D)
  Purgy (D)
  A sky beast (D)
  A gnoll sergeant (D)
  A wight (D)
  A crimson imp (D)
  An orc wizard (D)
  4 gnolls (D)
  A river rat (D)
  A white imp (D)
  2 giant eyeballs (D)
  An adder zombie (D)
  2 giant geckos (D)
  2 orcs (D)
  A bat zombie (D)
  2 hobgoblins (D)
  2 jackals (D)
  A quokka (D)
  2 bats (D)
37 creatures vanquished.

Notes
Turn   | Place    | Note
--------------------------------------------------------------
     0 | D        | Kidiri the Minotaur Fighter began the quest for the Orb.
     0 | D        | Reached XP level 1. HP: 19/19 MP: 0/0
    27 | D        | Reached skill level 4 in Fighting
    27 | D        | Reached skill level 1 in Dodging
    27 | D        | Reached XP level 2. HP: 13/27 MP: 1/1
    56 | D        | Found a sacrificial altar of Ru.
    56 | D        | Found a basalt altar of Yredelemnul.
    56 | D        | Found a shadowy altar of Dithmenos.
    56 | D        | Found a deep blue altar of Sif Muna.
    56 | D        | Found a burning altar of Makhleb.
    56 | D        | Found a shimmering altar of Xom.
    56 | D        | Found an ancient bone altar of Kikubaaqudgha.
    56 | D        | Found a sparkling altar of Nemelex Xobeh.
    57 | D        | Found a glowing golden altar of the Shining One.
    57 | D        | Found a bloodstained altar of Trog.
    57 | D        | Found a shattered altar of Ashenzari.
    57 | D        | Found a white marble altar of Elyvilon.
    57 | D        | Found a snail-covered altar of Cheibriados.
    57 | D        | Found a blossoming altar of Fedhas.
    57 | D        | Found a radiant altar of Vehumet.
    57 | D        | Found a glowing silver altar of Zin.
    57 | D        | Found a corrupted altar of Lugonu.
    57 | D        | Found a viscous altar of Jiyva.
    57 | D        | Found a roughly hewn altar of Beogh.
    57 | D        | Found an iron altar of Okawaru.
    58 | D        | Found an oddly glowing altar of Pakellas.
    63 | D        | Found a stormy altar of Qazlal.
    63 | D        | Found an opulent altar of Gozag.
    66 | D        | Became a worshipper of Warmaster Okawaru
   188 | D        | Reached skill level 1 in Invocations
   376 | D        | Reached skill level 5 in Shields
   376 | D        | Reached XP level 3. HP: 34/34 MP: 2/2
   484 | D        | Reached skill level 5 in Armour
   631 | D        | Reached skill level 5 in Fighting
   631 | D        | Reached skill level 5 in Axes
   631 | D        | Reached skill level 6 in Armour
   631 | D        | Reached XP level 4. HP: 37/42 MP: 4/4
   675 | D        | Noticed a gnoll sergeant
   683 | D        | Killed a gnoll sergeant
   683 | D        | Reached * piety under Okawaru
   683 | D        | Reached skill level 7 in Armour
   683 | D        | Reached XP level 5. HP: 43/50 MP: 4/6
   732 | D        | Noticed a smoke demon
   742 | D        | Killed a smoke demon
   742 | D        | Reached ** piety under Okawaru
   742 | D        | Reached skill level 9 in Axes
   742 | D        | Reached skill level 5 in Dodging
   742 | D        | Reached XP level 6. HP: 35/60 MP: 5/8
   742 | D        | Reached XP level 7. HP: 38/66 MP: 5/9
   876 | D        | Noticed Purgy
   884 | D        | Killed Purgy
   884 | D        | Reached skill level 10 in Armour
   884 | D        | Reached skill level 5 in Invocations
   904 | D        | Noticed a wyvern
   904 | D        | Noticed a blink frog
   904 | D        | Noticed a blink frog
   904 | D        | Noticed a blink frog
   904 | D        | Noticed a blink frog
   904 | D        | Paralysed by a giant eyeball for 2 turns
   905 | D        | Noticed a blink frog
   913 | D        | Killed a blink frog
   913 | D        | Reached skill level 10 in Axes
   913 | D        | Reached skill level 10 in Shields
   916 | D        | Killed a wyvern
   916 | D        | Reached *** piety under Okawaru
   916 | D        | Reached XP level 8. HP: 59/74 MP: 8/11
   916 | D        | Paralysed by a giant eyeball for 2 turns
   935 | D        | Killed a blink frog
   935 | D        | Reached skill level 11 in Armour
   955 | D        | Killed a blink frog
   961 | D        | Killed a blink frog
   965 | D        | Killed a blink frog
  1198 | D        | Noticed a lindwurm
  1199 | D        | Noticed a bog body
  1205 | D        | Killed a lindwurm
  1205 | D        | Reached **** piety under Okawaru
  1205 | D        | Reached skill level 12 in Armour
  1205 | D        | Reached XP level 9. HP: 70/83 MP: 10/13
  1208 | D        | Noticed a swamp dragon
  1210 | D        | Noticed a freezing wraith
  1265 | D        | Killed a swamp dragon
  1265 | D        | Received a gift from Okawaru
  1267 | D        | Paralysed by a giant eyeball for 4 turns
  1270 | D        | HP: 2/85 [yak (8)]
  1271 | D        | Slain by a freezing wraith

Vault maps used:
D:        pitsprint

Action                   |  1- 3 |  4- 6 |  7- 9 || total
-------------------------+-------+-------+-------++-------
Melee: War axe           |    48 |    34 |    52 ||   134
       Broad axe         |       |       |    16 ||    16
Invok: Heroism           |       |     1 |     5 ||     6
  Use: Potion            |       |       |     2 ||     2
  Eat: Chunk             |       |       |     1 ||     1
